cohdb
Replays
Latest Replays
All Replays
Popular Replays
Top Player Replays
Match Explorer
How It Works
Community
CoH3 Stats
Reddit
Sign in to upload your games and track your stats! →
Sign in with Steam
Match 42482984
Unlisted
Match 42482984
Overview
Messages
Build Orders
End
Construct Section Command Post
Vickers Machine Gun Team
Infantry Section
Dingo Light Scout Car
Construct Platoon Command Post
Unlock M3 Stuart Light Tanks
M3 Stuart Light Tank
M3 Stuart Light Tank
Selects Air and Sea Battlegroup
Selects Air and Sea Battlegroup
Selects Air and Sea Battlegroup
Selects Supply Surplus
Construct Resource Cache
Construct Resource Cache
Construct Resource Cache
M3 Stuart Light Tank
PaniCoC
Ardy
神奇香蕉
NewDe
Losttruppen
Mercury
Staufer
熊猫Real tiger
0
0
Comments
sign in to comment!
No comments posted yet!